 Dungeon Crawl Stone Soup version 0.29.1-4-g47bece8355 (webtiles) character file.

Game seed: 306787114437841748

128 raph the Gusty (level 5, 0/28 HPs)
             Began as a Tengu Air Elementalist on Dec 6, 2022.
             Slain by Natasha (6 damage)
             ... on level 3 of the Dungeon.
             The game lasted 00:04:32 (3175 turns).

raph the Gusty (Tengu Air Elementalist)             Turns: 3175, Time: 00:04:32

Health: 0/28       AC:  2    Str:  8    XL:     5   Next: 11%
Magic:  1/9        EV: 14    Int: 18    God:
Gold:   66         SH:  0    Dex: 14    Spells: 2/8 levels left

rFire   . . .      SeeInvis .   d - +3 dagger
rCold   . . .      Faith    .   (no shield)
rNeg    . . .      Spirit   .   a - +0 robe
rPois   .          Reflect  .   (helmet restricted)
rElec   .          Harm     .   (no cloak)
rCorr   .          Rampage  .   (no gloves)
Will    .....                   (boots unavailable)
Stlth   ++........              (no amulet)
HPRegen 0.09/turn               (no ring)
MPRegen 0.11/turn               (no ring)

@: flying quickly and evasively, quick
A: beak, talons 3, nimble flight
a: no special abilities


You were on level 3 of the Dungeon.
You visited 1 branch of the dungeon, and saw 3 of its levels.

You collected 66 gold pieces.

Inventory:

Hand Weapons
 d - a +3 dagger (weapon)
Missiles
 f - 5 boomerangs
 g - 2 poisoned darts
Armour
 a - a +0 robe (worn)
Scrolls
 b - a scroll of identify {unknown}
 e - a scroll of teleportation
 k - a scroll of enchant armour {unknown}
Potions
 c - a potion of ambrosia {unknown}
 h - a potion of berserk rage {unknown}
 i - a potion of might {unknown}
 j - a potion of flight {unknown}


   Skills:
 - Level 2.1 Dodging
 - Level 2.0 Stealth
 - Level 2.0 Spellcasting
 - Level 1.3 Conjurations
 + Level 7.5 Air Magic


You had 2 spell levels left.
You knew the following spells:

 Your Spells              Type           Power      Damage    Failure   Level
a - Shock                 Conj/Air       68%        1d7       3%          1
b - Static Discharge      Conj/Air       17%        3-6/arc   4%          2
c - Swiftness             Air            28%        N/A       2%          3

Your spell library contained the following spells:

 Spells                   Type           Power      Damage    Failure   Level
 Airstrike                Air            14%        2d(2-18)  9%          4


Dungeon Overview and Level Annotations

Branches:
Dungeon (3/15)

Altars:

Annotations:
D:2 Sigmund
D:3 Natasha


Innate Abilities, Weirdness & Mutations

You have a beak for a mouth.
You have claws for feet.
Your magical nature lets you fly swiftly and evasively.


Message History

You are struck by an arc of lightning.
The lightning grounds out.
Natasha completely misses you.
Casting: Static Discharge (safe; 4% risk of failure)
Confirm with . or Enter, or press ? or * to list all spells.
Aiming: Shock (safe; 3% risk of failure)
Press: ? - help, Shift-Dir - straight line, f/p - Natasha
Aim: Natasha (heavily wounded, 64% to hit)
The zap hits Natasha.
Natasha is severely wounded.
Natasha claws you.
Casting: Shock (safe; 3% risk of failure)
Confirm with . or Enter, or press ? or * to list all spells.
Aiming: Shock (safe; 3% risk of failure)
Press: ? - help, Shift-Dir - straight line, p - Natasha
Okay, then.
Natasha attacks as you move away! Natasha misses you.
Natasha casts a spell at you. The magic dart hits you!
Casting: Shock (safe; 3% risk of failure)
Confirm with . or Enter, or press ? or * to list all spells.
Aiming: Shock (safe; 3% risk of failure)
Press: ? - help, Shift-Dir - straight line, f/p - Natasha
Aim: Natasha (severely wounded, 64% to hit)
The zap hits Natasha.
Natasha is almost dead.
Natasha casts a spell at you. The magic dart hits you!
* * * LOW HITPOINT WARNING * * *
Casting: Shock (safe; 3% risk of failure)
Confirm with . or Enter, or press ? or * to list all spells.
Aiming: Shock (safe; 3% risk of failure)
Press: ? - help, Shift-Dir - straight line, f/p - Natasha
Aim: Natasha (almost dead, 64% to hit)
The zap misses Natasha.
Your magical contamination has completely faded away.
Okay, then.
You closely miss Natasha. Your kick misses Natasha.
Natasha is severely wounded.
Natasha claws you.
You die...

............)......
#...##.........)
##..............
######...♣♣♣♣♣♣..^#.
.........♣ ♣.... ..
######).## ♣... ....
#####.# ♣(.
..#..##.....♣
.......@.##.+
.#.....h....♣
###.#)#....#
#.....#..#
..#...###..♣ #. ....
...♣ . ..... ....
#.#.#. ..#( #.#.#.
.#


You could see Natasha.

Vanquished Creatures
  Jessica (D:2)
  Natasha (D:3)
  Robin (D:2)
  An adder (D:3)
  An orc (D:3)
  5 ball pythons
  3 endoplasms (D:1)
  5 giant cockroaches
  6 hobgoblins
  4 jackals (D:1)
  6 kobolds
  3 bats
  A frilled lizard (D:1)
  11 goblins
  3 rats
52 creatures vanquished.

Vanquished Creatures (others)
  4 plants (D:2)
4 creatures vanquished.

Grand Total: 56 creatures vanquished

Notes
Turn   | Place    | Note
-------+----------+-------------------------------------------
     0 | D:1      | raph the Tengu Air Elementalist began the quest for the
                  | Orb.
     0 | D:1      | Reached XP level 1. HP: 10/10 MP: 4/4
   549 | D:1      | Reached XP level 2. HP: 15/15 MP: 4/6
   781 | D:1      | Reached skill level 5 in Air Magic
  1215 | D:1      | Learned a level 2 spell: Static Discharge
  1517 | D:1      | Reached XP level 3. HP: 15/19 MP: 4/7
  1521 | D:1      | Learned a level 3 spell: Swiftness
  1915 | D:2      | Noticed Robin
  2411 | D:2      | Noticed Sigmund
  2482 | D:2      | Noticed Jessica
  2485 | D:2      | Killed Jessica
  2486 | D:2      | Reached skill level 6 in Air Magic
  2486 | D:2      | Reached XP level 4. HP: 23/24 MP: 5/8
  2605 | D:2      | Killed Robin
  2974 | D:3      | Noticed Natasha
  2980 | D:3      | Killed Natasha
  2981 | D:3      | Reached skill level 7 in Air Magic
  2981 | D:3      | Gained mutation: Your magical nature lets you fly swiftly
                  | and evasively. [Tengu growth]
  2981 | D:3      | Reached XP level 5. HP: 22/28 MP: 2/9
  3166 | D:3      | Noticed Natasha
  3175 | D:3      | Slain by Natasha

Illustrated notes

Levels and vault maps discovered:
D:1:      wheals_arrival_shading, layout_basic, st_stairs_11, nrook_mini_vaults
D:2:      layout_loops_ring, basic_altar, serial_bayou_pond_a, uniq_sigmund,
          uniq_jessica, uniq_robin
D:3:      layout_rooms, mainiacjoe_overflow_surrounded_room,
          dilly_ecumenical_altar_fadedgnrine, uniq_natasha, uniq_grinder

Skill      XL: |  1  2  3  4 |
---------------+-------------+-----
Air Magic      | 5 6 7 |  7.5
Dodging        | |  2.1
Stealth        | |  2.0
Spellcasting   | |  2.0
Conjurations   | |  1.3

Action                   |  1- 3 |  4- 6 || total
-------------------------+-------+-------++-------
Melee: Unarmed           |     2 |       ||     2
       Kick              |     3 |       ||     3
       Dagger            |     3 |     5 ||     8
       Peck              |     1 |       ||     1
 Cast: Shock             |    58 |    34 ||    92
       Static Discharge  |     8 |     4 ||    12
  Use: Scroll            |     1 |       ||     1
       Potion            |       |     1 ||     1
 Stab: Sleeping          |     1 |       ||     1
Armor: Robe              |     7 |     2 ||     9
Dodge: Dodged            |    26 |    11 ||    37
